 Dungeon Crawl Stone Soup version 0.29.1-2-gbd0b4ee654 (webtiles) character file.

Game seed: 12477416408412062960

8 hawla the Gusty (level 2, -1/20 HPs)
             Began as a Meteoran Air Elementalist on Dec 1, 2022.
             Slain by an orc
             ... wielding a +0 short sword
              (4 damage)
             ... on level 3 of the Dungeon.
             The game lasted 00:02:18 (199 turns).

hawla the Gusty (Meteoran Air Elementalist)          Turns: 199, Time: 00:02:19

Health: -1/20      AC:  2    Str:  9    XL:     2   Next: 29%
Magic:  1/6        EV: 12    Int: 16    God:
Gold:   0          SH:  0    Dex: 14    Spells: 3/6 levels left

rFire   . . .      SeeInvis .   (no weapon)
rCold   . . .      Faith    .   (no shield)
rNeg    . . .      Spirit   .   a - +0 robe
rPois   .          Reflect  .   (no helmet)
rElec   .          Harm     .   (no cloak)
rCorr   .          Rampage  .   (no gloves)
Will    .....                   (no boots)
Stlth   +.........              (no amulet)
HPRegen 0.06/turn               (no ring)
MPRegen 0.10/turn               (no ring)

@: glowing
A: sense surroundings 1, otherworldly, glowing, explore regen
a: no special abilities


You were on level 3 of the Dungeon.
You visited 1 branch of the dungeon, and saw 3 of its levels.

Inventory:

Armour
 a - a +0 robe (worn)
Scrolls
 c - a scroll of identify {unknown}
Potions
 b - a potion of magic


   Skills:
 + Level 2.4 Dodging
 - Level 1.4 Stealth
 + Level 2.9 Spellcasting
 + Level 1.5 Conjurations
 + Level 4.0 Air Magic


You had 3 spell levels left.
You knew the following spells:

 Your Spells              Type           Power      Damage    Failure   Level
a - Shock                 Conj/Air       44%        1d5       6%          1
b - Static Discharge      Conj/Air       11%        3-5/arc   9%          2

Your spell library contained the following spells:

 Spells                   Type           Power      Damage    Failure   Level
 Swiftness                Air            15%        N/A       11%         3
 Airstrike                Air            7%         2d(2-18)  34%         4


Dungeon Overview and Level Annotations

Branches:
Dungeon (3/15) Zot: 1600

Altars:

Annotations:
D:2 Terence
D:3 Natasha


Innate Abilities, Weirdness & Mutations

You passively map a small area around you.
You are easily found by Zot.
You glow in the dark.
You regain HP and MP as you explore.


Message History

Casting: Shock (safe; 6% risk of failure)
Confirm with . or Enter, or press ? or * to list all spells.
You miscast Static Discharge.
Nothing appears to happen.
The orc hits you with a +0 flail.
Unknown command.
Really walk into that dispersal trap?
The orc attacks as you move away! The orc hits you but does no damage.
You enter a dispersal trap!
The orc blinks! x2; The orc wizard blinks! x2
The orc blinks!
You blink.
A hobgoblin comes into view.
Found a glowing purple potion.
Found a faded altar of an unknown god.
The orc wizard hits you with a +0 dagger.
The orc wizard attacks as you move away!
The orc wizard barely misses you.
The orc wizard attacks as you move away!
The orc wizard hits you with a +0 dagger.
The orc enters a dispersal trap!
The orc wizard blinks!
The orc blinks!
The hobgoblin blinks!
You blink.
The orc blinks!
The orc wizard gestures wildly while chanting.
The orc wizard flickers and vanishes!
Deactivating autopickup; reactivate with Ctrl-A.
The orc barely misses you.
Natasha casts a spell.
The hobgoblin hits you. The orc attacks as you move away!
The orc hits you with a +0 short sword.
* * * LOW HITPOINT WARNING * * *
Your magical contamination has completely faded away.
Casting: Static Discharge (safe; 10% risk of failure)
Confirm with . or Enter, or press ? or * to list all spells.
The hobgoblin is struck by an arc of lightning!
You kill the hobgoblin!
You are struck by an arc of lightning.
* * * LOW HITPOINT WARNING * * *
Your Air Magic skill increases to level 4!
The orc closely misses you.
You hit the orc.
The orc is moderately wounded.
Natasha growls.
The orc hits you with a +0 short sword.
You die...

#.####. #.##.#. *
#....#. ,
###########.#. , ,
+....>........
#.###.#####.#. ##.*
* #...# #.#. , ##⌠.
########.#...# #.#.
, ...._
#h5o@....#..## #.#.
#∩..+#.#########.#
#.#. #.......5...#
#.# #.#. *
###..!........###.#
#.#< ,
.........o..h.##..#
#.##
#####.........##..#
#... ,
#.............#
#### , ,
#....###o^###.#
#....#....# #.#


You could see Natasha, a shadow imp (summoned) and an orc.

Vanquished Creatures
  An endoplasm (D:1)
  2 hobgoblins
  3 kobolds (D:2)
  A bat (D:2)
7 creatures vanquished.

Vanquished Creatures (others)
  A plant (D:2)
1 creature vanquished.

Grand Total: 8 creatures vanquished

Notes
Turn   | Place    | Note
-------+----------+-------------------------------------------
     0 | D:1      | hawla the Meteoran Air Elementalist began the quest for the
                  | Orb.
     0 | D:1      | Reached XP level 1. HP: 14/14 MP: 5/5
    61 | D:2      | Reached XP level 2. HP: 20/20 MP: 0/6
    90 | D:2      | Learned a level 2 spell: Static Discharge
   111 | D:2      | Noticed Terence
   179 | D:3      | Noticed Natasha
   186 | D:3      | Found a faded altar of an unknown god.
   198 | D:3      | Reached skill level 4 in Air Magic
   199 | D:3      | Slain by an orc

Illustrated notes

Levels and vault maps discovered:
D:1:      tarquinn_simple_flora_water_f, layout_basic
D:2:      layout_rooms, serial_bayou_pond_a, uniq_terence
D:3:      layout_basic, ebering_ecumenical_altar_abandoned, minmay_vboxes,
          uniq_natasha

Skill      XL: |  1  2 |
---------------+-------+-----
Air Magic      | 4 |  4.0
Dodging        | |  2.4
Stealth        | |  1.4
Spellcasting   | |  2.9
Conjurations   | |  1.5

Action                   || total
-------------------------++-------
Melee: Unarmed           ||     1
 Cast: Shock             ||    18
       Static Discharge  ||     2
Armor: Robe              ||     1
Dodge: Dodged            ||     8
